 Dungeon Crawl Stone Soup version 0.30-a0-721-ga6a225cb13 (webtiles) character file.

Game seed: 1821261941253280145

666 Absynth the Chopper (level 7, -1/61 HPs)
             Began as a Hill Orc Fighter on Jan 27, 2023.
             Was an Initiate of Makhleb.
             Slain by Edmund
             ... wielding a +4 flail of protection
              (4 damage)
             ... on level 4 of the Dungeon.
             The game lasted 00:09:47 (3944 turns).

Absynth the Chopper (Hill Orc Fighter)              Turns: 3944, Time: 00:09:47

Health: -1/61      AC: 13    Str: 27    XL:     7   Next: 57%
Magic:  8/8        EV:  8    Int:  8    God:    Makhleb [......]
Gold:   257        SH:  5    Dex: 10    Spells: 6/6 levels left

rFire   . . .      SeeInvis .    a - +0 war axe
rCold   . . .      Faith    .    c - +0 buckler
rNeg    . . .      Spirit   .    t - +0 chain mail
rPois   .          Reflect  .    (no helmet)
rElec   .          Harm     .    (no cloak)
rCorr   .          Rampage  .    y - +1 pair of gloves
Will    .....                    u - +0 pair of boots Stlth
                                 j - amulet of the acrobat
HPRegen 0.30/turn                q - +6 ring of strength
MPRegen 0.11/turn                (no ring)

@: no status effects
A: no striking features
a: Renounce Religion


You were on level 4 of the Dungeon.
You worshipped Makhleb.
Makhleb was noncommittal.
You visited 2 branches of the dungeon, and saw 6 of its levels.

You collected 257 gold pieces.

Inventory:

Hand Weapons
 a - a +0 war axe (weapon)
Armour
 c - a +0 buckler (worn)
 k - a +0 pair of gloves
 t - a +0 chain mail (worn)
 u - a +0 pair of boots (worn)
 y - a +1 pair of gloves (worn)
Jewellery
 j - an amulet of the acrobat (around neck)
 q - a +6 ring of strength (left hand)
 B - an amulet of magic regeneration
Scrolls
 b - a scroll of enchant armour {unknown}
 g - 7 scrolls of teleportation {unknown}
 h - a scroll of summoning {unknown}
 i - 6 scrolls of identify {unknown}
 o - a scroll of brand weapon {unknown}
 v - 2 scrolls of poison {unknown}
 A - a scroll of immolation {unknown}
Potions
 d - 3 potions of might
 e - 2 potions of curing {unknown}
 f - 3 potions of berserk rage {unknown}
 l - 2 potions of mutation {unknown}
 m - 3 potions of attraction {unknown}
 n - a potion of degeneration {unknown}
 r - a potion of lignification {unknown}
 s - a potion of flight {unknown}
 w - 2 potions of invisibility {unknown}
 x - a potion of resistance {unknown}
 z - a potion of heal wounds {unknown}


   Skills:
 + Level 5.5 Fighting
 * Level 7.0 Axes
 + Level 4.9 Armour
 + Level 5.0 Shields
 + Level 2.1 Invocations


You had 6 spell levels left.
You didn't know any spells.
Your spell library contained the following spells:

 Spells                   Type           Power      Damage    Failure   Level
 Apportation              Tloc           0%         N/A       97%         1
 Beastly Appendage        Tmut           0%         N/A       97%         1
 Magic Dart               Conj           0%         1d3       97%         1
 Necrotise                Necr           0%         1d4       97%         1
 Summon Small Mammal      Summ           0%         N/A       97%         1
 Lesser Beckoning         Tloc           0%         N/A       99%         2
 Searing Ray              Conj           0%         2d4       99%         2
 Wereblood                Tmut           0%         N/A       99%         2
 Gell's Gravitas          Tloc           0%         N/A       100%        3
 Ignite Poison            Fire/Tmut/Pois 0%         N/A       100%        3
 Spider Form              Tmut/Pois      0%         N/A       100%        3
 Teleport Other           Tloc           0%         N/A       100%        3
 Vhi's Electric Charge    Tloc/Air       0%         N/A       100%        3
 Fulminant Prism          Conj/Hex       0%         3d5       100%        4
 Sticky Flame             Conj/Fire      0%         2d3       100%        4
 Arcjolt                  Conj/Air       0%         1d10      100%        5
 Ignition                 Fire           0%         3d3       100%        8
 Maxwell's Capacitive Co  Air            0%         ∞         100%        8


Dungeon Overview and Level Annotations

Branches:
Dungeon (5/15)             Temple (1/1) D:4

Altars:
Ashenzari
Cheibriados
Dithmenos
Elyvilon
Fedhas
Gozag
Hepliaklqana
Kikubaaqudgha
Makhleb
Okawaru
Qazlal
Ru
Uskayaw
Vehumet
Wu Jian
Xom
Yredelemnul
Zin

Shops:
D:2 [

Annotations:
D:4 Edmund
D:5 1 runed translucent door, Crazy Yiuf


Message History

* * * LOW HITPOINT WARNING * * *
You hit Edmund.
Edmund is almost dead.
Edmund hits you with a +4 flail of protection!
* * * LOW HITPOINT WARNING * * *
You hit Edmund but do no damage.
Edmund is almost dead.
Edmund hits you with a +4 flail of protection!
* * * LOW HITPOINT WARNING * * *
You barely miss Edmund.
Edmund is almost dead.
Edmund completely misses you.
You hit Edmund but do no damage.
Edmund is almost dead.
Edmund hits you with a +4 flail of protection.
* * * LOW HITPOINT WARNING * * *
Edmund hits you with a +4 flail of protection.
* * * LOW HITPOINT WARNING * * *
You barely miss Edmund.
Edmund is almost dead.
You block Edmund's attack.
You hit Edmund but do no damage.
Edmund is almost dead.
Edmund hits you with a +4 flail of protection.
* * * LOW HITPOINT WARNING * * *
You hit Edmund but do no damage.
Edmund is almost dead.
Edmund hits you but does no damage.
You completely miss Edmund.
Edmund is almost dead.
You block Edmund's attack.
You hit Edmund but do no damage.
Edmund is almost dead.
Edmund hits you but does no damage.
Edmund hits you with a +4 flail of protection.
* * * LOW HITPOINT WARNING * * *
You hit Edmund but do no damage.
Edmund is almost dead.
Edmund hits you with a +4 flail of protection.
You die...

#.#####...#.###..#######.#.##
#.# ###......................
#.# #....................#.##
#.# ###..............##..#...
##.#######.........#......#..#
#.........................#..#
##.##.....................#..#
#.#######...................#
#..........#@@...............
#.#######................####
#.# ###..#.....##.###..# # #.#
#.............###..# #.#
###................####
#.#######..#.....##..........
#...................####.....
#########...........# #.#...
#..#.#...##.####.#...


You could see Edmund.

Vanquished Creatures
  Sigmund (D:3)
  An ogre (D:5)
  A phantom (D:5)
  A necrophage (D:5)
  2 scorpions
  A hound (D:5)
  5 adders
  2 white imps (D:5)
  A worm (D:3)
  4 dart slugs
  An orc (D:2)
  8 ball pythons
  9 bats
  10 endoplasms
  4 giant cockroaches
  5 goblins
  5 hobgoblins
  8 kobolds
  4 quokkas
  2 frilled lizards
  4 rats
79 creatures vanquished.

Notes
Turn   | Place    | Note
-------+----------+-------------------------------------------
     0 | D:1      | Absynth the Hill Orc Fighter began the quest for the Orb.
     0 | D:1      | Reached XP level 1. HP: 19/19 MP: 1/1
    23 | D:1      | Reached skill level 3 in Axes
    48 | D:1      | Reached XP level 2. HP: 25/27 MP: 2/2
   191 | D:1      | Reached XP level 3. HP: 28/33 MP: 3/3
   633 | D:2      | Reached skill level 4 in Axes
   700 | D:2      | Found a faded altar of an unknown god.
   872 | D:2      | Found Atiam's Antique Armour Boutique.
  1023 | D:2      | Reached XP level 4. HP: 40/40 MP: 4/4
  1403 | D:3      | Noticed Sigmund
  1430 | D:3      | Killed Sigmund
  1431 | D:3      | Reached skill level 5 in Axes
  1431 | D:3      | Reached XP level 5. HP: 20/47 MP: 5/5
  1431 | D:3      | Reached XP level 6. HP: 23/53 MP: 6/6
  2219 | D:4      | Reached skill level 5 in Fighting
  2219 | D:4      | Reached skill level 6 in Axes
  2529 | D:4      | Found a staircase to the Ecumenical Temple.
  2606 | Temple   | Entered the Ecumenical Temple
  2737 | Temple   | Became a worshipper of Makhleb the Destroyer
  3140 | D:5      | Entered Level 5 of the Dungeon
  3178 | D:5      | Reached skill level 1 in Invocations
  3178 | D:5      | Reached XP level 7. HP: 17/61 MP: 7/7
  3434 | D:5      | Found an iron altar of Okawaru.
  3637 | D:5      | Found a runed translucent door.
  3638 | D:5      | Noticed Crazy Yiuf
  3714 | D:5      | Reached skill level 7 in Axes
  3714 | D:5      | Reached skill level 5 in Shields
  3913 | D:5      | Noticed Edmund
  3940 | D:4      | HP: 2/61 [Edmund/+4 flail of protection (5)]
  3944 | D:4      | Slain by Edmund

Illustrated notes

Levels and vault maps discovered:
D:1:      minmay_arrival_up_and_down, layout_rooms
D:2:      layout_rooms, serial_shops, nicolae_shop_hallway_plus,
          nicolae_ecumenical_lake_church, roderic_cross_of_infinity,
          nrook_mini_vaults
D:3:      layout_basic, grunt_decor_arrowhead, st_stairs_4, dk_noncrumbling_3,
          uniq_sigmund
D:4:      layout_basic, minmay_temple_entry_fiery
D:5:      layout_basic, mainiacjoe_overflow_24_doors,
          kennysheep_opposing_triangles, uniq_crazy_yiuf_cottage, uniq_edmund
Temple:   minmay_crystal_spiral_temple

Skill      XL: |  1  2  3  4  5  6  7 |
---------------+----------------------+-----
Axes           | 3 4 5 6 7 |  7.0
Fighting       | 4 5 |  5.5
Armour         | 4 |  4.9
Shields        | 4 5 |  5.0
Invocations    | 1 2 |  2.1

Action                     |  1- 3 |  4- 6 |  7- 9 || total
---------------------------+-------+-------+-------++-------
  Melee: War axe           |   105 |    99 |    50 ||   254
  Throw: Throwing net      |       |     2 |     1 ||     3
 Armour: Scale mail        |    52 |    16 |       ||    68
         Chain mail        |       |    27 |    27 ||    54
  Dodge: Dodged            |    59 |    35 |    14 ||   108
  Block: Buckler           |    25 |    24 |     7 ||    56

Table legend: (Time is in decaauts)
 A = Elapsed time spent in this place.
 B = Non-inter-level travel time spent in this place.
 C = Inter-level travel time spent in this place.
 D = Time resting spent in this place.
 E = Time spent auto-exploring this place.
 F = Levels seen in this place.
 G = Mean time per level.
                   A        B        C        D        E       F      G
               +--------+--------+--------+--------+--------+-----+--------+
         Total |   4022 |   3805 |    217 |    249 |   2794 |   6 |  670.3 |
       Dungeon |   3803 |   3672 |    131 |    249 |   2682 |   5 |  760.6 |
        Temple |    218 |    132 |     86 |      0 |    112 |   1 |  218.0 |
               +--------+--------+--------+--------+--------+-----+--------+

Top non-repeatable levels by time:
     D:4: 993 daAuts
     D:5: 795 daAuts
     D:2: 757 daAuts
     D:3: 702 daAuts
     D:1: 555 daAuts
  Temple: 218 daAuts
